 Dungeon Crawl Stone Soup version 0.31.0-1-g2c135a0 (webtiles) character file.

Game seed: 12516590214082372128

31 jagoly the Trooper (level 3, -6/24 HPs)
             Began as a Gargoyle Monk on Jan 27, 2024.
             Killed by divine providence
             ... invoked by an orc priest
              (17 damage)
             ... on level 3 of the Dungeon.
             The game lasted 00:02:20 (267 turns).

jagoly the Trooper (Gargoyle Monk)                   Turns: 267, Time: 00:02:21

Health: -6/24      AC:  5    Str: 16    XL:     3   Next: 22%
Magic:  3/3        EV: 12    Int: 10    God:
Gold:   30         SH:  0    Dex: 12    Spells: 2/2 levels left

rFire   . . .        a - +0 hand axe
rCold   . . .        d - orb {light}
rNeg    + . .        b - +0 robe
rPois   ∞            (no helmet)
rElec   +            (no cloak)
rCorr   .            (no gloves)
SInv    .            (no boots)
Will    .....        (no amulet)
Stlth   +            (no ring)
HPRegen 0.24/turn    (no ring)
MPRegen 0.08/turn

%: no passive effects
@: glowing
A: sickness immunity, AC +3, negative energy resistance 1, electricity
resistance, torment resistance 1, petrification resistance
a: no special abilities


You were on level 3 of the Dungeon.
You visited 1 branch of the dungeon, and saw 3 of its levels.

You collected 30 gold pieces.

Inventory:

Hand Weapons
 a - a +0 hand axe (weapon)
Armour
 b - a +0 robe (worn)
 d - an orb of light (worn)
Scrolls
 g - a scroll of brand weapon {unknown}
 h - a scroll of identify {unknown}
Potions
 c - a potion of ambrosia
 e - a potion of haste {unknown}
 f - 2 potions of curing {unknown}


   Skills:
 + Level 3.6 Fighting
 * Level 3.3 Axes
 - Level 2.4 Dodging
 + Level 1.4 Stealth


You had 2 spell levels left.
You didn't know any spells.
Your spell library was empty.

Dungeon Overview and Level Annotations

Branches:
Dungeon (3/15) Zot: 17725

Altars:


Innate Abilities, Weirdness & Mutations

You are immune to sickness and miasma.
Your stone body is resilient. (AC +3)
You are immune to poison.
You resist negative energy. (rN+)
You are resistant to electric shocks. (rElec)
You are resistant to unholy torment.
You are immune to petrification.


Message History

Welcome, jagoly the Gargoyle Monk.
It's a long way down to the Orb of Zot, but that shouldn't be any trouble.
Press ? for a list of commands and other information.
Found a staircase leading out of the dungeon.
As you open the door, it creaks loudly!
Found a viscous cyan potion.
Found an escape hatch in the floor.
There is an open door here.
Found a glowing dark potion.
Found a mace.
e - a viscous cyan potion
f - a glowing dark potion You open the door.
There is an open door here.
Found a stone staircase leading down.
Found a glowing dark potion.
A hobgoblin comes into view.
Found a scroll labelled GEJEPP OKKINN.
The hobgoblin shouts!
You see here a glowing dark potion.
f - 2 glowing dark potions (gained 1)
The hobgoblin barely misses you.
A ball python comes into view.
The ball python hisses angrily.
You hit the hobgoblin.
You kill the hobgoblin!
No target in view!
No target in view!
You see here a hobgoblin corpse.
A quokka comes into view.
The ball python completely misses you. The ball python barely misses you.
You hit the ball python.
You kill the ball python!
An endoplasm comes into view.
The endoplasm quivers.
You hit the quokka but do no damage. The quokka closely misses you.
You hit the quokka.
The quokka is moderately wounded.
The quokka closely misses you. x2
You hit the quokka.
You kill the quokka!
You hit the endoplasm.
The endoplasm is lightly wounded.
The endoplasm freezes you.
You are frozen.
The endoplasm closely misses you.
You hit the endoplasm.
The endoplasm is heavily wounded.
The endoplasm closely misses you.
You hit the endoplasm.
The endoplasm is almost dead.
The endoplasm closely misses you.
You hit the endoplasm but do no damage.
The endoplasm is almost dead.
The endoplasm freezes you.
You are frozen.
You hit the endoplasm but do no damage.
The endoplasm is almost dead.
The endoplasm freezes you.
You are frozen.
You hit the endoplasm.
You kill the endoplasm!
No target in view!
No target in view!
Found 11 gold pieces.
g - a scroll labelled GEJEPP OKKINN You now have 11 gold pieces.
HP restored.
HP restored.
There is a stone staircase leading down here.
You climb downwards.
There is a stone staircase leading up here.
Found a scroll labelled KOERON ZYSOYBB.
You hit the dart slug.
The dart slug is moderately wounded.
The dart slug bites you but does no damage.
You hit the dart slug.
The dart slug is heavily wounded.
The dart slug misses you.
You hit the dart slug.
You kill the dart slug!
Your Axes skill increases to level 3!
You have reached level 2!
You see here a dart slug corpse.
A ball python comes into view.
Found a stone staircase leading up.
The ball python hisses angrily.
A rat comes into view.
h - a scroll labelled KOERON ZYSOYBB
There are no items here.
You hit the ball python.
The ball python is severely wounded.
The ball python closely misses you. The ball python grabs you.
The ball python constricts you.
The ball python bites you but does no damage.
The ball python constricts you.
You hit the ball python.
You kill the ball python!
No target in view!
No target in view!
The rat squeaks loudly.
You hit the rat.
You kill the rat!
No target in view!
No target in view!
There is a stone staircase leading up here.
There is a stone staircase leading up here.
You climb upwards.
There is a stone staircase leading down here.
The dart slug launches a dart at you. The slug dart hits you.
You hit the dart slug.
The dart slug is moderately wounded.
The dart slug launches a dart at you.
The slug dart hits you but does no damage.
You hit the dart slug.
The dart slug is heavily wounded.
You hit the goblin. The goblin hits you but does no damage.
The dart slug bites you.
You hit the dart slug.
You kill the dart slug!
You barely miss the goblin. The goblin hits you but does no damage.
You hit the goblin.
You kill the goblin!
Your Stealth skill increases to level 1!
No target in view!
No target in view!
Things that are here:
a +0 dagger; a goblin corpse
There is a stone staircase leading down here.
HP restored.
You climb downwards.
There is a stone staircase leading up here.
HP restored.
Found 6 gold pieces.
An endoplasm comes into view.
An endoplasm is nearby!
An endoplasm is nearby!
The endoplasm quivers.
The endoplasm freezes you.
You are frozen.
You slash the endoplasm!
You kill the endoplasm!
No target in view!
No target in view!
Found a stone staircase leading up.
You now have 17 gold pieces (gained 6).
There is a stone staircase leading up here.
Your library has no spells.
You climb upwards.
There is a stone staircase leading down here.
You climb downwards.
There is a stone staircase leading up here.
A ball python comes into view.
A ball python is nearby!
The ball python hisses angrily.
The ball python closely misses you. The ball python grabs you.
The ball python constricts you.
You hit the ball python.
The ball python is severely wounded.
The ball python bites you. The ball python constricts you.
The ball python barely misses you. The ball python constricts you.
You hit the ball python.
You kill the ball python!
No target in view!
HP restored.
Found a stone staircase leading down.
Found 11 gold pieces.
There is a stone staircase leading down here.
Found a club.
You now have 28 gold pieces (gained 11).
A rat comes into view.
The rat squeaks loudly.
The rat bites you but does no damage.
You hit the rat.
You kill the rat!
No target in view!
Found 2 gold pieces.
You now have 30 gold pieces (gained 2).
Found a stone staircase leading down.
There is a stone staircase leading down here.
You climb downwards.
The orc shouts!
You hear an angry hiss.
There is a stone staircase leading up here.
An adder comes into view.
The orc hits you but does no damage.
You hit the orc.
The orc is almost dead.
The orc barely misses you.
You hit the orc.
You kill the orc!
The giant cockroach closely misses you.
You hit the giant cockroach.
The giant cockroach is moderately wounded.
The giant cockroach bites you.
You hit the giant cockroach but do no damage.
The giant cockroach is moderately wounded.
You hit the adder. The adder barely misses you.
The giant cockroach bites you but does no damage.
The adder closely misses you.
You hit the giant cockroach.
You kill the giant cockroach!
You closely miss the adder. The adder bites you.
You hit the adder.
The adder is heavily wounded.
The adder closely misses you. The adder misses you.
You hit the adder but do no damage.
The adder is heavily wounded.
The adder barely misses you.
You closely miss the adder.
The adder is heavily wounded.
The adder barely misses you. The adder closely misses you.
You hit the adder but do no damage.
The adder is heavily wounded.
The adder misses you.
You slash the adder!
You kill the adder!
You have reached level 3!
Your experience leads to an increase in your attributes!
Increase (S)trength, (I)ntelligence, or (D)exterity?
You feel stronger. x2
HP restored.
An orc comes into view. It is wielding a +0 whip.
An orc is nearby!
A rat comes into view.
The rat misses you.
You hit the rat.
The rat is heavily wounded.
The rat bites you but does no damage.
You hit the rat.
You kill the rat!
An orc priest comes into view. It is wielding a +0 hand axe.
An orc comes into view. It is wielding a +0 hand axe.
You barely miss the orc.
The orc shouts!
The orc priest shouts!
The orc completely misses you.
The orc priest calls down the wrath of Beogh upon you.
Beogh smites you!
Ouch! That really hurt!
* * * LOW HITPOINT WARNING * * *
An orc priest comes into view. It is wielding a +0 dagger.
The orc closely misses you.
You are too injured to fight recklessly!
The orc attacks as it pursues you! The orc misses you.
You are too injured to fight recklessly!
You are too injured to fight recklessly!
Cleave: a) +0 hand axe
Press: ? - help, Dir - move target, f - orc
Aim: an orc, wielding a +0 whip (haloed, about 21% to evade your +0 hand axe)
You slash the orc!
You kill the orc!
Cleave: a) +0 hand axe
Press: ? - help, Dir - move target, f - orc
Aim: an orc, wielding a +0 hand axe (haloed, about 21% to evade your +0 hand axe)
You slash the orc!
The orc is almost dead.
The orc hits you with a +0 hand axe.
* * * LOW HITPOINT WARNING * * *
Cleave: a) +0 hand axe
Press: ? - help, Dir - move target, f/p - orc
Aim: an orc, wielding a +0 hand axe (almost dead, haloed, about 21% to evade your +0 hand axe)
You hit the orc.
You kill the orc!
You hit the orc priest but do no damage.
The orc priest mumbles some strange prayers to Beogh against you.
Beogh smites you!
Ouch! That really hurt!
You die...

#.........#
##........ .......
#.oo# #o# ~~~~≈~..#
#.# .~ ~...~~~.# #.#
~.. .~.~~..#######.#
.... #.........)@##.#
....##....######o##.#
###........#.....o..#
.......†)..#.###.####
#..............#
#.##.....#.#####
#<...##.# ##.####.#
#......#


You could see 2 orc priests.

Vanquished Creatures
  An adder (D:3)
  2 dart slugs
  3 orcs (D:3)
  2 endoplasms
  A giant cockroach (D:3)
  A goblin (D:1)
  A hobgoblin (D:1)
  A quokka (D:1)
  3 ball pythons
  3 rats
18 creatures vanquished.

Notes
Turn   | Place    | Note
-------+----------+-------------------------------------------
     0 | D:1      | jagoly the Gargoyle Monk began the quest for the Orb.
     0 | D:1      | Reached XP level 1. HP: 14/14 MP: 1/1
    73 | D:2      | Reached XP level 2. HP: 19/19 MP: 2/2
   110 | D:1      | Reached skill level 1 in Stealth
   227 | D:3      | Reached XP level 3. HP: 18/23 MP: 3/3
   267 | D:3      | Killed from afar by an orc priest

Illustrated notes

Levels and vault maps discovered:
D:1:      minmay_arrival_split_and_join, layout_basic
D:2:      layout_loops_ring, uniq_sigmund
D:3:      layout_loops_corners, chequers_ecumenical_altar_island, uniq_jessica

Skill      XL: |  1  2 |
---------------+-------+-----
Axes           | 3 |  3.3
Stealth        | 1 |  1.4
Fighting       | |  3.6
Dodging        | |  2.4

Action                     || total
---------------------------++-------
  Melee: Hand axe          ||    41
 Armour: Robe              ||    15
  Dodge: Dodged            ||    27
